 Dungeon Crawl Stone Soup version 0.31-a0-1074-g0b22e4e0f1 (webtiles) character file.

Game seed: 6286618602267813139

17110 drugrobin the Martial Artist (level 11, -4/85 HPs)
             Began as a Demigod Delver on Dec 7, 2023.
             Slain by a blink frog (15 damage)
             ... on level 2 of the Lair of Beasts.
             The game lasted 00:42:38 (13600 turns).

drugrobin the Martial Artist (Demigod Delver)      Turns: 13600, Time: 00:42:39

Health: -4/85      AC: 10    Str: 17    XL:     11   Next: 88%
Magic:  14/14      EV: 17    Int: 12    God:
Gold:   662        SH:  0    Dex: 23    Spells: 7/10 levels left

rFire   + .          .
                       - Unarmed
rCold   . . .        (no shield)
rNeg    . . .        M - +2 robe {rF+}
rPois   .            (no helmet)
rElec   .            c - +0 cloak
rCorr   .            s - +0 pair of gloves
SInv    .            (no boots)
Will    +....        (no amulet)
Stlth   +++          u - +4 ring of slaying
HPRegen 0.34/turn    w - +4 ring of protection
MPRegen 0.14/turn

%: no passive effects
@: marked, studying Armour
A: high MP 1, forlorn, divine attributes
a: no special abilities


You were on level 2 of the Lair of Beasts.
You visited 2 branches of the dungeon, and saw 11 of its levels.
You also visited: Bailey.

You collected 662 gold pieces.

Inventory:

Hand Weapons
 b - the +8 trident of the Octopus King {venom, rElec rPois}
   (You found it on level 4 of the Dungeon)

   rElec:     It insulates you from electricity.
   rPois:     It protects you from poison
Missiles
 r - 2 curare-tipped darts
 t - 5 throwing nets
 y - 33 javelins (quivered)
Armour
 c - a +0 cloak (worn)
 l - a +1 ring mail of cold resistance
 s - a +0 pair of gloves (worn)
 C - a +3 chain mail of fire resistance
 M - a +2 robe of fire resistance (worn)
Jewellery
 u - a +4 ring of slaying (left hand)
 w - a +4 ring of protection (right hand)
 G - a ring of fire
 K - a ring of ice
Talismans
 J - a maw talisman
Wands
 f - a wand of digging (1)
 j - a wand of quicksilver (2)
 k - a wand of roots (6)
 B - a wand of polymorph (3)
 H - a wand of flame (37)
Scrolls
 a - a scroll of silence {unknown}
 d - 2 scrolls of fear
 i - 2 scrolls of immolation
 o - 5 scrolls of fog
 p - 2 scrolls of poison
 z - 2 scrolls of identify
 F - 3 scrolls of teleportation
Potions
 e - a potion of haste
 h - a potion of brilliance {unknown}
 m - 3 potions of might
 n - 2 potions of berserk rage
 q - 6 potions of attraction
 v - 2 potions of lignification {unknown}
 x - a potion of resistance
 A - 2 potions of curing {unknown}
 I - a potion of heal wounds {unknown}


   Skills:
 - Level 4.9 Fighting
 - Level 7.0 Dodging
 - Level 4.5 Stealth
 + Level 14.1 Unarmed Combat
 - Level 4.0 Evocations
 + Level 7.1 Shapeshifting


You had 7 spell levels left.
You knew the following spells:

 Your Spells              Type           Power      Damage    Failure   Level
a - Magic Dart            Conj           0%         1d3       32%         1
b - Blink                 Tloc           0%         N/A       45%         2

Your spell library contained the following spells:

 Spells                   Type           Power      Damage    Failure   Level
 Sandblast                Erth           0%         2d4       32%         1
 Lesser Beckoning         Tloc           0%         N/A       45%         2
 Momentum Strike          Conj/Tloc      0%         3d8       45%         2
 Passwall                 Tmut/Erth      0%         N/A       45%         2
 Searing Ray              Conj           0%         2d4       45%         2
 Static Discharge         Conj/Air       0%         3-3/arc   45%         2
 Gell's Gravitas          Tloc           0%         N/A       69%         3
 Stone Arrow              Conj/Erth      0%         3d7       69%         3
 Summon Guardian Golem    Hex/Summ       0%         N/A       69%         3
 Teleport Other           Tloc           0%         N/A       69%         3
 Airstrike                Air            0%         2d(0-16)  97%         4
 Brom's Barrelling Bould  Conj/Erth      0%         2d3       97%         4
 Fulminant Prism          Conj/Hex       0%         3d5       97%         4
 Summon Lightning Spire   Summ/Air       0%         N/A       97%         4
 Orb of Destruction       Conj           0%         9d5       100%        7
 Spellforged Servitor     Conj/Summ      0%         N/A       100%        7


Dungeon Overview and Level Annotations

Branches:
Dungeon (9/15)             Temple (0/1) D:6            Lair (2/5) D:8
 Bailey (visited)
  Swamp: Lair:2-3    Shoals: Lair:2-3     Snake: Lair:2-3    Spider: Lair:2-3
    Orc: D:9-12

Annotations:
D:7 Maurice
D:9 Erolcha
Lair:2 Erica


Innate Abilities, Weirdness & Mutations

You have an increased reservoir of magic. (+10% MP)
You shall have no god before yourself.
Your divine heritage dramatically boosts your attributes as you level up.


Message History

The blink frog blinks!
Unknown command.
Unknown command.
You completely miss the blink frog.
The blink frog is heavily wounded.
The blink frog hits you.
* * * LOW HITPOINT WARNING * * *
Unknown command.
Unknown command.
You punch the blink frog! Your punch misses the blink frog.
The blink frog is almost dead.
The blink frog blinks!
Unknown command.
Unknown command.
Unknown command.
Throw: 3 darts (curare)
Press: ? - help, Shift-Dir - straight line, f/p - blink frog
Aim: a blink frog (almost dead, very poisoned, slow, 50% to hit)
You throw a curare-tipped dart.
The curare-tipped dart barely misses the blink frog.
The curare-tipped dart barely misses the blink frog.
The blink frog blinks!
Unknown command.
Aiming: Paralyse
Press: ? - help, Shift-Dir - straight line, f/p - blink frog
Aim: a blink frog (almost dead, very poisoned, slow, chance to affect: 41%)
The blink frog resists with some effort.
The now-empty wand crumbles to dust.
The blink frog hits you but does no damage.
Unknown command.
Unknown command.
Aiming: Quicksilver Bolt
Press: ? - help, Shift-Dir - straight line, f/p - blink frog
Aim: a blink frog (almost dead, poisoned, slow, 54% to hit)
The bolt of dispelling energy hits the blink frog!!
The blink frog is heavily wounded.
The bolt of dispelling energy hits the blink frog!
You kill the blink frog!
The blink frog hits you!
You die...

......H.)..F....#
.....#.###..##..##
... ... ##.####.##
. ..... ##†# #..##
....... #(#
#...##### .......
#.# ##....#.######
.....@# #.##
###.##......##
.....# ##F#
#..........# #@#
#........... ###
##..........
#.....#.....
#...######.# #..##
### #.... ##...#
## #....# ##.
###...## ##..


You could see a blink frog.

Vanquished Creatures
  Harold (Lair:2)
  A two-headed ogre (D:8)
  2 harpies (Lair:2)
  A black mamba (Lair:2)
  An elephant (D:8)
  A torpor snail (Lair:1)
  5 cane toads
  The ghost of Phlounder the Magician, a novice DjCA of Ignis (D:5)
  5 komodo dragons
  Jeremiah (D:7)
  4 blink frogs (Lair:2)
  2 dream sheep (Lair:1)
  2 wyverns
  19 yaks
  A steam dragon (D:9)
  A basilisk (D:8)
  4 water moccasins
  8 orc warriors
  3 black bears
  2 ice beasts
  3 sky beasts
  3 ogres
  15 wolves
  10 centaurs (Bailey)
  A phantom (D:6)
  The ghost of osoart the Changeling, an amateur OpSh (D:3)
  A kobold brigand (D:9)
  A scorpion (D:7)
  A bullfrog (D:8)
  A gnoll sergeant (D:9)
  13 wights
  6 killer bees (D:7)
  A howler monkey (D:6)
  5 hounds
  A jelly (D:6)
  Crazy Yiuf (D:7)
  3 orc priests
  3 sleepcaps
  2 gnoll boudas
  13 orc wizards
  2 iguanas
  15 gnolls
  5 adders
  A hound simulacrum (D:3)
  A shadow imp (D:7)
  3 worms
  A dart slug (D:3)
  2 adder simulacra (D:3)
  53 orcs
  2 endoplasms
  4 hobgoblins
  2 jackals (D:3)
  8 quokkas
  5 ball pythons
  2 ball python simulacra (D:3)
  5 bats
  A giant cockroach simulacrum (D:3)
  3 goblins
  5 kobolds
  4 rats
274 creatures vanquished.

Notes
Turn   | Place    | Note
-------+----------+-------------------------------------------
     0 | D:5      | drugrobin the Demigod Delver began the quest for the Orb.
     0 | D:5      | Reached XP level 1. HP: 18/18 MP: 3/3
    20 | D:5      | Noticed an ogre
   211 | D:5      | Noticed an ogre
   268 | D:4      | Reached skill level 2 in Unarmed Combat
   307 | D:4      | Reached XP level 2. HP: 4/25 MP: 4/4
   393 | D:4      | Reached skill level 3 in Unarmed Combat
   466 | D:4      | Found the +8 trident of the Octopus King {venom, rElec
                  | rPois}
   964 | D:1      | Reached XP level 3. HP: 30/30 MP: 5/5
  2276 | D:3      | Reached XP level 4. HP: 34/37 MP: 6/6
  2280 | D:3      | Reached skill level 4 in Unarmed Combat
  2298 | D:3      | Found a runed translucent gate.
  2298 | D:3      | Found a runed translucent gate.
  2298 | D:3      | Found a runed translucent gate.
  2349 | D:3      | Noticed osoart's ghost (amateur OpSh)
  2607 | D:3      | Learned a level 2 spell: Blink
  3005 | D:4      | Reached XP level 5. HP: 34/45 MP: 7/7
  3253 | D:4      | Reached skill level 5 in Unarmed Combat
  3806 | D:5      | Killed an ogre
  3807 | D:5      | Reached XP level 6. HP: 52/52 MP: 8/8
  3873 | D:5      | Found a large runed translucent door.
  3873 | D:5      | Found a large runed translucent door.
  3876 | D:5      | Noticed Phlounder's ghost (novice DjCA)
  4099 | D:5      | Reached skill level 6 in Unarmed Combat
  4314 | D:5      | Reached XP level 7. HP: 60/60 MP: 9/9
  4736 | D:3      | Killed osoart's ghost
  4979 | D:5      | Killed Phlounder's ghost
  4980 | D:5      | Reached skill level 7 in Unarmed Combat
  4980 | D:5      | Reached skill level 1 in Evocations
  5194 | D:6      | Found a staircase to the Ecumenical Temple.
  5197 | D:6      | Reached XP level 8. HP: 67/67 MP: 10/10
  5347 | D:6      | Reached skill level 8 in Unarmed Combat
  6089 | D:7      | Reached skill level 9 in Unarmed Combat
  6248 | D:7      | Found a runed translucent door.
  6249 | D:7      | Noticed Crazy Yiuf
  6624 | D:7      | Reached XP level 9. HP: 65/73 MP: 11/11
  6658 | D:7      | Noticed Jeremiah
  6720 | D:7      | Killed Jeremiah
  6721 | D:7      | Reached skill level 10 in Unarmed Combat
  6865 | D:7      | Learned a level 1 spell: Magic Dart
  6904 | D:7      | Noticed Maurice
  7244 | D:7      | Killed Crazy Yiuf
  7313 | D:8      | Noticed an elephant
  7314 | D:8      | Found a staircase to the Lair.
  7399 | D:8      | Found a flagged portal.
  7533 | D:8      | Reached skill level 1 in Shapeshifting
  7541 | Bailey   | Entered a bailey
  8307 | Bailey   | Reached skill level 11 in Unarmed Combat
  8813 | Bailey   | Identified the +3 great mace of the Two Names {heavy,
                  | +Blink Will- Int+4}
  9033 | D:8      | Killed an elephant
  9034 | D:8      | Reached XP level 10. HP: 73/80 MP: 13/13
  9284 | D:8      | Reached skill level 5 in Dodging
  9524 | D:8      | Noticed a two-headed ogre
  9538 | D:8      | Killed a two-headed ogre
  9914 | D:9      | Reached skill level 12 in Unarmed Combat
 10277 | D:9      | Noticed Erolcha
 10367 | Lair:1   | Entered Level 1 of the Lair of Beasts
 10633 | Lair:1   | Noticed a torpor snail
 10680 | Lair:1   | Killed a torpor snail
 10810 | Lair:1   | Reached XP level 11. HP: 85/85 MP: 14/14
 10968 | Lair:1   | Reached skill level 5 in Shapeshifting
 11012 | Lair:1   | Reached skill level 13 in Unarmed Combat
 12547 | Lair:2   | Noticed Erica
 13544 | Lair:2   | Noticed Harold
 13563 | Lair:2   | Killed Harold
 13564 | Lair:2   | Reached skill level 14 in Unarmed Combat
 13569 | Lair:2   | Noticed a harpy
 13570 | Lair:2   | Noticed a harpy
 13578 | Lair:2   | Killed a harpy
 13582 | Lair:2   | Killed a harpy
 13600 | Lair:2   | Slain by a blink frog

Illustrated notes

Levels and vault maps discovered:
D:1:      minmay_arrival_diagonal_passages, layout_loops_ring,
          ebering_ecumenical_altar_mist
D:2:      layout_basic, minmay_misc_feat_ornament,
          minmay_misc_feat_secret_circle
D:3:      layout_basic, mainiacjoe_overflow_swirl,
          mainiacjoe_overflow_boulevard, gammafunk_ghost_icy
D:4:      layout_basic
D:5:      layout_loops_ring, ebering_ghost_disaster_area
D:6:      layout_loops_ring, temple_statues, hangedman_abyss_or_decor_stagger,
          minmay_liquid_box
D:7:      layout_basic, uniq_crazy_yiuf_cottage, uniq_maurice, uniq_jeremiah
D:8:      layout_gridville, david_lair_generic, enter_bailey_8
D:9:      layout_cave_pools, erik_orc_4, uniq_erolcha
Lair:1:   layout_roguey, grunt_megastairs_5, lemuel_fruit_tree
Lair:2:   layout_cave_pods, nicolae_shoals_entry_roost, uniq_harold, uniq_erica

Skill      XL: |  1  2  3  4  5  6  7  8  9 10 11 |
---------------+----------------------------------+-----
Unarmed Combat | 2 3 4 5 6 7 9 11 12 14 | 14.1
Fighting       | 3 4 |  4.9
Evocations     | 2 4 |  4.0
Dodging        | 2 4 6 7 |  7.0
Shapeshifting  | 3 4 7 |  7.1
Stealth        | |  4.5

Action                     |  1- 3 |  4- 6 |  7- 9 | 10-12 || total
---------------------------+-------+-------+-------+-------++-------
  Melee: Unarmed           |    41 |     8 |    79 |   258 ||   386
         Punch             |     2 |     4 |     9 |    45 ||    60
         Trident           |    59 |    77 |   214 |   153 ||   503
   Fire: Sling             |       |     7 |    24 |       ||    31
  Throw: Dart              |       |     2 |     1 |     3 ||     6
         Javelin           |       |       |     1 |     1 ||     2
   Cast: Magic Dart        |       |       |    37 |    44 ||    81
         Blink             |       |       |     2 |     2 ||     4
  Evoke: Wand              |     3 |       |     3 |    19 ||    25
    Use: Scroll            |       |       |    14 |     1 ||    15
   Stab: Sleeping          |     8 |     6 |     7 |     5 ||    26
         Distracted        |       |     1 |       |       ||     1
         Paralysed         |       |       |     6 |     1 ||     7
 Armour: Leather armour    |    35 |    37 |    44 |       ||   116
         Robe              |       |       |    73 |   192 ||   265
         Ring mail         |       |       |       |     5 ||     5
  Dodge: Dodged            |    73 |    42 |   242 |   306 ||   663

Table legend: (Time is in decaauts)
 A = Elapsed time spent in this place.
 B = Non-inter-level travel time spent in this place.
 C = Inter-level travel time spent in this place.
 D = Time resting spent in this place.
 E = Time spent auto-exploring this place.
 F = Levels seen in this place.
 G = Mean time per level.
                   A        B        C        D        E       F      G
               +--------+--------+--------+--------+--------+-----+--------+
         Total |  13656 |  12782 |    874 |   2158 |   6775 |  12 | 1138.0 |
       Dungeon |   8986 |   8166 |    820 |    578 |   5272 |   9 |  998.4 |
          Lair |   3200 |   3146 |     54 |   1333 |    896 |   2 | 1600.0 |
        Bailey |   1469 |   1469 |      0 |    247 |    607 |   1 | 1469.0 |
               +--------+--------+--------+--------+--------+-----+--------+

Top non-repeatable levels by time:
  Lair:1: 1862 daAuts
     D:4: 1496 daAuts
  Bailey: 1469 daAuts
     D:7: 1466 daAuts
     D:8: 1365 daAuts
  Lair:2: 1337 daAuts
     D:5: 1315 daAuts
     D:3: 1014 daAuts
     D:6: 767 daAuts
     D:1: 681 daAuts
     D:2: 655 daAuts
     D:9: 222 daAuts
